cohdb
Replays
Latest Replays
All Replays
Popular Replays
Top Player Replays
Match Explorer
How It Works
Community
CoH3 Stats
Reddit
Sign in to upload your games and track your stats! →
Sign in with Steam
Match 35836288
Unlisted
Match 35836288
Overview
Messages
Build Orders
End
Panzergrenadier Squad
Kradschützen Motorcycle Team
Panzergrenadier Squad
Construct Light Support Kompanie
Fire Support Elements
Selects Italian Infantry
Selects Defensive Operations
2.5-tonne Medical Truck
Pak 38 Mechanized Group
le.IG 18 Support Gun Team
Selects Prepared Positions
2.5-tonne Medical Truck
Pak 38 Mechanized Group
2.5-tonne Medical Truck
Construct Panzerarmee Kommand
Walking Stuka Rocket Launcher
Selects Obice 305mm Barrage
Selects Guastatori Squad
Obice 305mm Barrage
Pak 38 Mechanized Group
Forward Retreat Point
Tungsten Core Ammunition
Advanced Optics
Rapid Advance
Armored Reserves
Flakvierling Half-track
Tiger Heavy Tank
Obice 305mm Barrage
MuniekPL
|-J5D-| MAREK POLSKA
Husar
Nox
[KZR]Rjut
Shrock
0
0
Comments
sign in to comment!
No comments posted yet!